 Dungeon Crawl Stone Soup version 0.28.0-47-ge53b351184 (webtiles) character file.

Game seed: 10311350562903788982

1121 croobank the Covert (level 8, -11/67 HPs)
             Began as a Gnoll Delver on May 1, 2022.
             Was a Believer of Sif Muna.
             Mangled by a hornet (12 damage)
             ... on level 6 of the Dungeon.
             The game lasted 00:32:48 (5328 turns).

croobank the Covert (Gnoll Delver)                  Turns: 5328, Time: 00:32:49

Health: -11/67     AC:  9    Str: 13    XL:     8   Next: 34%
Magic:  9/12       EV: 13    Int: 11    God:    Sif Muna [**....]
Gold:   168        SH:  6    Dex: 13    Spells: 0/13 levels left

rFire   . . .      SeeInvis .   B - +0 war axe
rCold   + . .      Faith    .   F - +2 buckler
rNeg    . . .      Spirit   .   y - +2 robe {rC+}
rPois   .          Reflect  .   (no helmet)
rElec   .          Harm     .   (no cloak)
rCorr   .          Rampage  .   (no gloves)
Will    .....                   (no boots)
Stlth   ++++......              d - amulet of regeneration
HPRegen 1.01/turn               (no ring)
MPRegen 0.13/turn               (no ring)

@: mighty, ice-armoured, very slightly contaminated, slowed, very slow
A: fangs 1, strong nose, distributed training
a: Renounce Religion, Channel Magic


You were on level 6 of the Dungeon.
You worshipped Sif Muna.
Sif Muna was pleased with you.
You visited 1 branch of the dungeon, and saw 6 of its levels.

You collected 275 gold pieces.
You spent 107 gold pieces at shops.

Inventory:

Hand Weapons
 a - a +1 vampiric dagger
 b - a +0 fustibalus
 e - a +0 falchion
 f - a +0 dagger of venom
 j - a +0 mace
 l - a +0 hand axe
 o - a +0 trident
 B - a +0 war axe (weapon)
Missiles
 k - 131 stones (quivered)
 m - 7 boomerangs
 x - 6 poisoned darts
 A - 6 atropa-tipped darts
 E - 18 arrows
Armour
 i - a +0 scale mail
 t - a +0 leather armour
 y - a +2 robe of cold resistance (worn)
 C - a +0 ring mail
 D - a +0 plate armour
 F - a +2 buckler (worn)
Jewellery
 d - an amulet of regeneration (around neck)
 n - a +4 ring of protection
 w - a ring of protection from fire
Wands
 g - a wand of digging (3)
 q - a wand of flame (19)
Scrolls
 c - 2 scrolls of fog
 h - 2 scrolls of identify
 v - 3 scrolls of magic mapping
Potions
 p - 3 potions of curing
 r - a potion of mutation
 s - a potion of brilliance
 G - a potion of degeneration {unknown}


   Skills:
 + Level 7.3 Fighting
 + Level 3.2 Short Blades
 + Level 3.2 Long Blades
 + Level 5.6 Axes
 + Level 3.2 Maces & Flails
 + Level 3.2 Polearms
 + Level 3.2 Staves
 + Level 3.2 Slings
 + Level 3.2 Bows
 + Level 3.2 Crossbows
 + Level 3.2 Throwing
 + Level 3.2 Armour
 + Level 5.6 Dodging
 + Level 10.1 Stealth
 + Level 3.2 Shields
 + Level 3.2 Unarmed Combat
 + Level 3.2 Spellcasting
 + Level 2.6 Conjurations
 + Level 2.6 Hexes
 + Level 2.6 Summonings
 + Level 2.6 Necromancy
 + Level 2.6 Translocations
 + Level 2.6 Transmutations
 + Level 2.6 Fire Magic
 + Level 2.6 Ice Magic
 + Level 2.6 Air Magic
 + Level 2.6 Earth Magic
 + Level 2.6 Poison Magic
 + Level 3.5 Invocations
 + Level 3.2 Evocations


You couldn't memorise any spells.
You knew the following spells:

 Your Spells              Type           Power      Damage    Failure   Level
a - Searing Ray           Conj           14%        2d5       19%         2
b - Scorch                Fire           14%        2d5       19%         2
c - Ozocubu's Armour      Ice            7%         N/A       34%         3
d - Stone Arrow           Conj/Erth      14%        3d7       34%         3
e - Call Canine Familiar  Summ           7%         N/A       34%         3

Your spell library contained the following spells:

 Spells                   Type           Power      Damage    Failure   Level
 Magic Dart               Conj           28%        1d4       12%         1
 Portal Projectile        Hex/Tloc       14%        N/A       34%         3
 Airstrike                Air            3%         N/A       75%         4
 Animate Armour           Summ/Erth      14%        N/A       75%         4
 Flame Wave               Conj/Fire      7%         2d5       75%         4
 Fulminant Prism          Conj/Hex       3%         3d6       75%         4
 Leda's Liquefaction      Hex/Erth       3%         N/A       75%         4
 Summon Lightning Spire   Summ/Air       7%         N/A       75%         4
 Lightning Bolt           Conj/Air       3%         1d15      97%         5
 Summon Cactus Giant      Summ           3%         N/A       100%        6
 Ozocubu's Refrigeration  Ice            3%         4d5       100%        7
 Lehudib's Crystal Spear  Conj/Erth      3%         10d3      100%        8


Dungeon Overview and Level Annotations

Branches:
Dungeon (6/15)             Temple (0/1) D:4

Altars:
Sif Muna
Wu Jian

Shops:
D:5 ([*:


Innate Abilities, Weirdness & Mutations

You have very sharp teeth.
Your uncanny sense of smell can sniff out nearby items.
Your experience applies equally to all skills.


Message History

You completely miss the ogre.
The ogre is heavily wounded.
You feel sick. The nameless horror hits you.
You feel your power leaking away. The hornet completely misses you.
The phantom closely misses you. You block the ogre's attack.
The hornet misses you. You block the phantom's attack.
The nameless horror hits you but does no damage.
Okay, then.
Okay, then.
Okay, then.
You feel the dreadful sensation subside.
B - a +0 war axe (weapon)
You feel sick. You block the hornet's attack.
You closely miss the hornet.
The hornet is heavily wounded.
You hit the phantom. You hit the nameless horror. You closely miss the ogre.
You feel sick.
The hornet stings you but does no damage.
The ogre hits you with a +0 giant spiked club!
The nameless horror hits you but does no damage.
The phantom hits you but does no damage.
The hornet barely misses you.
The nameless horror hits you but does no damage.
The phantom barely misses you. You block the ogre's attack.
You slash the hornet! You bite the hornet.
The hornet is severely wounded.
You slash the phantom!
You destroy the phantom!
Sif Muna accepts your kill.
You slash the nameless horror! You hit the ogre.
You feel sick.
You are no longer poisoned.
The hornet stings you!
* * * LOW HITPOINT WARNING * * *
You feel as though you will be slow longer.
You block the hornet's attack. The nameless horror misses you.
The ogre hits you with a +0 giant spiked club!
* * * LOW HITPOINT WARNING * * *
The hornet stings you!
You die...

#.#######.###.# #....
#(....+..
#.............#.#....
#.....#.#
#########.###.#.#...∆
#........
......§.XS......#
....#+###..
.######.###.#..$#
..... #...
#####O###.#...# ....y
##..
..............##.....
♣...
#####.###.#.y..'.$.
♣.♣. .... #.X@.###
♣♣.♣ ###.# #.O..# ♣.♣
#.# #....# ♣♣ #..#.#
#..... #..#### #..#
##.


You could see a nameless horror, a hornet and an ogre.

Vanquished Creatures
  An orc warrior (D:5)
  A sky beast (D:5)
  A necrophage (D:5)
  An ogre (D:6)
  A phantom (D:6)
  A bullfrog (D:3)
  2 scorpions (D:5)
  A water moccasin skeleton (D:5)
  A howler monkey (D:4)
  A bullfrog zombie (D:5)
  A centaur skeleton (D:2)
  4 hounds (D:4)
  2 orc priests (D:5)
  A jelly (D:6)
  2 iguanas
  A howler monkey zombie (D:5)
  3 gnolls
  3 adders
  2 shadow imps (D:6)
  An ufetubus (D:5)
  A worm (D:4)
  2 dart slugs
  14 orcs
  3 ball pythons
  2 endoplasms
  5 giant cockroaches
  6 goblins
  8 hobgoblins
  7 jackals
  9 quokkas
  7 bats
  4 frilled lizards
  7 kobolds
  5 rats
111 creatures vanquished.

Notes
Turn   | Place    | Note
-------+----------+-------------------------------------------
     0 | D:5      | Reached skill level 9 in Stealth
     0 | D:5      | croobank the Gnoll Delver began the quest for the Orb.
     0 | D:5      | Reached XP level 1. HP: 23/23 MP: 1/1
    12 | D:5      | Found Kucvar's Antique Armour Shoppe.
   171 | D:2      | Found a shimmering blue altar of Sif Muna.
   190 | D:2      | Reached XP level 2. HP: 29/29 MP: 2/2
   199 | D:2      | Became a worshipper of Sif Muna the Loreminder
   866 | D:1      | Learned a level 2 spell: Searing Ray
   905 | D:1      | Reached XP level 3. HP: 35/35 MP: 3/3
  1176 | D:2      | Found a faded altar of an unknown god.
  1394 | D:2      | Reached * piety under Sif Muna
  1449 | D:2      | Reached skill level 1 in Invocations
  1463 | D:2      | Reached skill level 1 in Short Blades
  1463 | D:2      | Reached skill level 1 in Long Blades
  1463 | D:2      | Reached skill level 1 in Maces & Flails
  1463 | D:2      | Reached skill level 1 in Polearms
  1463 | D:2      | Reached skill level 1 in Staves
  1463 | D:2      | Reached skill level 1 in Slings
  1463 | D:2      | Reached skill level 1 in Bows
  1463 | D:2      | Reached skill level 1 in Crossbows
  1463 | D:2      | Reached skill level 1 in Throwing
  1463 | D:2      | Reached skill level 1 in Armour
  1463 | D:2      | Reached skill level 1 in Shields
  1463 | D:2      | Reached skill level 1 in Unarmed Combat
  1463 | D:2      | Reached skill level 1 in Spellcasting
  1463 | D:2      | Reached skill level 1 in Evocations
  1463 | D:2      | Reached XP level 4. HP: 23/41 MP: 5/5
  1860 | D:3      | Found an ornate altar of the Wu Jian Council.
  1868 | D:3      | Reached skill level 1 in Conjurations
  1868 | D:3      | Reached skill level 1 in Hexes
  1868 | D:3      | Reached skill level 1 in Summonings
  1868 | D:3      | Reached skill level 1 in Necromancy
  1868 | D:3      | Reached skill level 1 in Translocations
  1868 | D:3      | Reached skill level 1 in Transmutations
  1868 | D:3      | Reached skill level 1 in Fire Magic
  1868 | D:3      | Reached skill level 1 in Ice Magic
  1868 | D:3      | Reached skill level 1 in Air Magic
  1868 | D:3      | Reached skill level 1 in Earth Magic
  1868 | D:3      | Reached skill level 1 in Poison Magic
  1947 | D:3      | Learned a level 2 spell: Scorch
  2039 | D:3      | Noticed a bullfrog
  2046 | D:3      | Killed a bullfrog
  2047 | D:3      | Reached XP level 5. HP: 47/47 MP: 5/7
  2407 | D:4      | Found a staircase to the Ecumenical Temple.
  2602 | D:4      | Reached ** piety under Sif Muna
  2603 | D:4      | Reached XP level 6. HP: 49/53 MP: 8/8
  2965 | D:4      | Reached skill level 5 in Axes
  2965 | D:4      | Reached skill level 5 in Dodging
  3402 | D:5      | Noticed a sky beast
  3418 | D:5      | Bought an embroidered robe for 107 gold pieces
  3432 | D:5      | Learned a level 3 spell: Ozocubu's Armour
  3453 | D:5      | Killed a sky beast
  3454 | D:5      | Reached XP level 7. HP: 60/60 MP: 1/10
  3591 | D:5      | Learned a level 3 spell: Stone Arrow
  4065 | D:5      | Reached skill level 10 in Stealth
  4337 | D:5      | Reached XP level 8. HP: 67/67 MP: 3/12
  4416 | D:5      | Found Ovvim's Weapon Emporium.
  4429 | D:5      | Found Woavest's General Store.
  4514 | D:5      | Found Qycroir's Book Shoppe.
  5199 | D:6      | Noticed a hornet
  5254 | D:6      | Learned a level 3 spell: Call Canine Familiar
  5296 | D:6      | Noticed a nameless horror
  5328 | D:6      | HP: 1/67 [ogre/+0 giant spiked club (11)]
  5328 | D:6      | Mangled by a hornet

Illustrated notes

Levels and vault maps discovered:
D:1:      amcnicky_arrival_wind_blow, layout_rooms, serial_forest,
          infiniplex_forest_clump_diagonal, infiniplex_forest_pool,
          infiniplex_forest_lined_1, infiniplex_forest_clump_medium,
          infiniplex_forest_clump_tiny, infiniplex_forest_zigzag_2,
          infiniplex_forest_corner_1, infiniplex_forest_lined_2,
          dk_noncrumbling_4
D:2:      layout_basic, basic_altar, ebering_ecumenical_altar_abandoned,
          serial_bayou_pond_e
D:3:      layout_basic, lemuel_coloured_pillars_altar, gup_sewer_entry_pipe,
          kennysheep_decorative_pillar
D:4:      layout_basic, minmay_temple_entry_drinking_statues
D:5:      layout_basic, serial_shops, nicolae_shop_statue_plus, shop,
          nicolae_shop_bloodbath_and_beyond, shop, serial_glass,
          glass_columns_a, glass_columns_c, st_stairs_2
D:6:      layout_basic, uniq_crazy_yiuf_cottage

Skill      XL: |  1  2  3  4  5  6  7  8 |
---------------+-------------------------+-----
Stealth        | 10 | 10.1
Invocations    | 1 2 3 |  3.5
Short Blades   | 1 2 3 |  3.2
Long Blades    | 1 2 3 |  3.2
Maces & Flails | 1 2 3 |  3.2
Polearms       | 1 2 3 |  3.2
Staves         | 1 2 3 |  3.2
Slings         | 1 2 3 |  3.2
Bows           | 1 2 3 |  3.2
Crossbows      | 1 2 3 |  3.2
Throwing       | 1 2 3 |  3.2
Armour         | 1 2 3 |  3.2
Shields        | 1 2 3 |  3.2
Unarmed Combat | 1 2 3 |  3.2
Spellcasting   | 1 2 3 |  3.2
Evocations     | 1 2 3 |  3.2
Conjurations   | 1 2 |  2.6
Hexes          | 1 2 |  2.6
Summonings     | 1 2 |  2.6
Necromancy     | 1 2 |  2.6
Translocations | 1 2 |  2.6
Transmutations | 1 2 |  2.6
Fire Magic     | 1 2 |  2.6
Ice Magic      | 1 2 |  2.6
Air Magic      | 1 2 |  2.6
Earth Magic    | 1 2 |  2.6
Poison Magic   | 1 2 |  2.6
Axes           | 5 |  5.6
Dodging        | 5 |  5.6
Fighting       | 7 |  7.3

Action                   |  1- 3 |  4- 6 |  7- 9 || total
-------------------------+-------+-------+-------++-------
Melee: Hand axe          |    39 |       |       ||    39
       Punch             |     1 |     6 |     1 ||     8
       Dagger            |    61 |   245 |    64 ||   370
       Bite              |     9 |    34 |    11 ||    54
       War axe           |       |       |     2 ||     2
 Fire: Fustibalus        |       |    20 |       ||    20
Throw: Stone             |       |     5 |     1 ||     6
       Dart              |       |       |     6 ||     6
 Cast: Scorch            |       |     4 |    34 ||    38
       Stone Arrow       |       |       |     6 ||     6
       Ozocubu's Armour  |       |       |     2 ||     2
Invok: Channel Magic     |       |       |     1 ||     1
  Use: Scroll            |     4 |       |     8 ||    12
       Potion            |       |     1 |     2 ||     3
 Stab: Sleeping          |    12 |    13 |     4 ||    29
       Invisible         |       |       |     2 ||     2
Armor: Scale mail        |    57 |    23 |       ||    80
       Leather armour    |       |    25 |       ||    25
       Robe              |       |     1 |    27 ||    28
Dodge: Dodged            |    53 |   126 |    76 ||   255
Block: Buckler           |       |       |    14 ||    14
